 Dungeon Crawl Stone Soup version 0.21.1-1-g345015f (webtiles) character file.

73215 tidbits the Thaumaturge (level 15, 0/149 HPs)
             Began as a Gnoll Ice Elementalist on Apr 4, 2018.
             Was a High Priest of Cheibriados.
             Slain by a merfolk impaler
             ... wielding a +0 trident
              (7 damage)
             ... on level 3 of the Shoals.
             The game lasted 01:40:38 (7587 turns).

tidbits the Thaumaturge (Gnoll Ice Elementalist)    Turns: 7587, Time: 01:40:38

Health: 0/149      AC: 35    Str: 25    XL:     15   Next: 42%
Magic:  3/30       EV: 30    Int: 37    God:    Cheibriados [*****.]
Gold:   289        SH: 15    Dex: 35    Spells: 6/36 levels left

rFire    . . .     SeeInvis +   b - +5 broad axe (vamp)
rCold    . . .     Gourm    .   D - +0 shield
rNeg     + . .     Faith    .   (armour currently unavailable)
rPois    ∞         Spirit   .   E - +2 helmet
rElec    +         Reflect  .   C - +2 cloak
rCorr    .         Harm     .   (gloves currently unavailable)
MR       +....                  (boots currently unavailable)
Stlth    +++++++...             R - amulet of regeneration
HPRegen  0.74/turn              I - ring of see invisible
MPRegen  0.22/turn              (no ring)

@: agile, lethally poisoned (0 -> 0), statue-form, very slow
A: distributed training, fangs 1, strong nose
a: End Transformation, Bend Time, Temporal Distortion, Slouch, Step From Time,
Renounce Religion


You were on level 3 of the Shoals.
You worshipped Cheibriados.
Cheibriados was extremely pleased with you.
You were very hungry.
You were a stone statue.
You visited 5 branches of the dungeon, and saw 23 of its levels.
You also visited: Labyrinth.

You collected 3938 gold pieces.
You spent 3649 gold pieces at shops.

Inventory:

Hand Weapons
 a - a +1 dagger of electrocution
   (You took it off an orc sorcerer on level 2 of the Orcish Mines)
 b - a +5 vampiric broad axe (weapon)
   (You took it off an orc warrior on level 2 of the Orcish Mines)
 g - a +0 blowgun
 M - the cursed +1 broad axe of Disk {flame, rF+++ Str-3 Dex+4}
   (You found it on level 1 of the Shoals)

   It has been specially enchanted to burn those struck by it, causing extra
   injury to most foes and up to half again as much damage against particularly
   susceptible opponents.
   Big, fiery blades are also staple armaments of hydra-hunters.
   It affects your strength (-3).
   It affects your dexterity (+4).
   It renders you almost immune to fire.
   It has a curse placed upon it.
Missiles
 k - 365 arrows
 u - 29 tomahawks (quivered)
 N - 4 throwing nets {!f}
 Q - 15 javelins
Armour
 f - the +10 large shield of Ignorance {rN+ Int-4}
   (You found it in a labyrinth)

   It affects your intelligence (-4).
   It protects you from negative energy.
 m - a scarf of cloud immunity
   (You found it on level 14 of the Dungeon)
 B - a +0 troll leather armour (melded)
 C - a +2 cloak (worn)
 D - a +0 shield (worn)
 E - a +2 helmet (worn)
 G - a +0 pair of gloves (melded)
 W - a cursed +0 robe
Jewellery
 p - an uncursed ring of teleportation
   (You found it on level 1 of the Lair of Beasts)
 H - an uncursed ring of fire
   (You found it on level 12 of the Dungeon)
 I - a ring of see invisible (left hand)
   (You found it on level 9 of the Dungeon)
 K - an uncursed amulet of faith
   (You acquired it on level 1 of the Lair of Beasts)
 R - an amulet of regeneration (around neck)
   (You found it on level 8 of the Dungeon)
Wands
 d - a wand of digging (9)
 h - a wand of acid (6)
 t - a wand of clouds (6)
 w - a wand of polymorph (37)
 O - a wand of flame (68)
 Z - a wand of iceblast (8)
Scrolls
 i - 3 scrolls of identify
 o - 5 scrolls of fog
 r - 8 scrolls of remove curse
 s - 2 scrolls of holy word
 y - a scroll of blinking
 F - a scroll of fear
 J - 3 scrolls of immolation
 L - a scroll of brand weapon
 S - 2 scrolls of enchant armour
 V - 4 scrolls of teleportation
Potions
 e - 3 potions of curing
 l - a potion of cancellation
 n - a potion of resistance
 z - 4 potions of lignification
 A - 3 potions of might
Books
 j - a book of Changes
   (You bought it in a shop on level 11 of the Dungeon)

   Spells                             Type                      Level
   a - Beastly Appendage              Transmutation                1
   b - Sticks to Snakes               Transmutation                2
   c - Spider Form                    Transmutation/Poison         3
   d - Ice Form                       Ice/Transmutation            4
   e - Blade Hands                    Transmutation                5
 v - a book of Flames
   (You found it on level 13 of the Dungeon)

   Spells                             Type                      Level
   a - Flame Tongue                   Conjuration/Fire             1
   b - Throw Flame                    Conjuration/Fire             2
   c - Conjure Flame                  Conjuration/Fire             3
   d - Inner Flame                    Hexes/Fire                   3
   e - Sticky Flame                   Conjuration/Fire             4
   f - Fireball                       Conjuration/Fire             5
 P - a book of the Earth
   (You bought it in a shop on level 11 of the Dungeon)

   Spells                             Type                      Level
   a - Leda's Liquefaction            Hexes/Earth                  4
   b - Bolt of Magma                  Conjuration/Fire/Earth       5
   c - Statue Form                    Transmutation/Earth          6
   d - Iron Shot                      Conjuration/Earth            6
   e - Shatter                        Earth                        9
 T - a book of Unlife
   (You bought it in a shop on level 11 of the Dungeon)

   Spells                             Type                      Level
   a - Recall                         Summoning/Translocation      3
   b - Animate Dead                   Necromancy                   4
   c - Borgnjor's Vile Clutch         Necromancy/Earth             5
   d - Death Channel                  Necromancy                   6
   e - Simulacrum                     Ice/Necromancy               6
 U - a book of Beasts
   (You found it on level 9 of the Dungeon)

   Spells                             Type                      Level
   a - Summon Butterflies             Summoning                    1
   b - Call Canine Familiar           Summoning                    3
   c - Summon Ice Beast               Ice/Summoning                4
   d - Summon Mana Viper              Hexes/Summoning              5
   e - Summon Hydra                   Summoning                    7
Miscellaneous
 x - a phial of floods
 X - a fan of gales
 Y - a sack of spiders
Comestibles
 c - 26 rations


   Skills:
 + Level 9.9 Fighting
 + Level 9.9 Short Blades
 + Level 9.9 Long Blades
 + Level 9.9 Axes
 + Level 9.9 Maces & Flails
 + Level 9.9 Polearms
 + Level 9.9 Staves
 + Level 9.9 Slings
 + Level 9.9 Bows
 + Level 9.9 Crossbows
 + Level 9.9 Throwing
 + Level 9.9 Armour
 + Level 10.8 Dodging
 + Level 10.7 Stealth
 + Level 9.9 Shields
 + Level 9.9 Unarmed Combat
 + Level 11.0 Spellcasting
 + Level 8.6 Conjurations
 + Level 8.3 Hexes
 + Level 8.3 Charms
 + Level 8.3 Summonings
 + Level 8.3 Necromancy
 + Level 8.3 Translocations
 + Level 8.3 Transmutations
 + Level 8.3 Fire Magic
 + Level 10.0 Ice Magic
 + Level 8.3 Air Magic
 + Level 8.3 Earth Magic
 + Level 8.3 Poison Magic
 + Level 10.7 Invocations
 + Level 9.9 Evocations


You had 6 spell levels left.
You knew the following spells:

 Your Spells              Type           Power        Failure   Level  Hunger
a - Freeze                Ice            ####         1%          1    None
k - Sticks to Snakes      Tmut           ######..     1%          2    None
r - Regeneration          Chrm/Necr      ######....   1%          3    None
s - Statue Form           Tmut/Erth      ######...    19%         6    ####...
v - Borgnjor's Vile Clut  Necr/Erth      ######....   3%          5    None
x - Summon Ice Beast      Ice/Summ       ######..     1%          4    None
A - Apportation           Tloc           ######       1%          1    None
L - Summon Lightning Spi  Summ/Air       ######..     1%          4    None
N - Animate Dead          Necr           N/A          1%          4    None


Dungeon Overview and Level Annotations

Branches:
Dungeon (15/15)            Temple (1/1) D:6            Lair (2/6) D:10
 Shoals (3/4) Lair:2          Orc (2/2) D:11         Vaults (0/5) D:13
 Depths (0/5) D:15
  Snake: Lair:2-4    Spider: Lair:2-4       Elf: Orc:2

Altars:
Cheibriados
Elyvilon
Fedhas
Gozag
Hepliaklqana
Kikubaaqudgha
Makhleb
Nemelex Xobeh
Okawaru
Qazlal
Ru
Sif Muna
Trog
Uskayaw
Wu Jian
Xom
Yredelemnul
Zin
The Shining One
Beogh

Shops:
D:7 (   D:11 :   Orc:2 %}:?

Portals:
Trove: D:10 (show abyssal rune of Zot)

Annotations:
Shoals:3 Mara
Abyss:1 Robin


Innate Abilities, Weirdness & Mutations

Your experience applies equally to all skills.
You have very sharp teeth.
Your uncanny sense of smell can sniff out nearby items.


Message History

Aim: Mara, wielding a demon trident of venom and wearing a robe (moderately wounded, unusually strong, constricted by zombie hands)
The mass of ice explodes!
The iceblast engulfs Mara.
Mara is moderately wounded.
The iceblast engulfs tidbits's illusion.
Tidbits's illusion is almost destroyed.
The iceblast engulfs the ice beast.
The ice beast partially resists.
The ice beast is heavily wounded.
The zombie hands constrict Mara!
Mara struggles to blink free from constriction.
You block the ice beast's attack.
The merfolk is engulfed in noxious fumes.
The merfolk appears confused.
The merfolk screams, "I'll kill you anyway!"
You block tidbits's illusion's attack.
Mara splashes around in the water.
The merfolk impaler is engulfed in noxious fumes.
Unknown command.
Unknown command.
You completely miss tidbits's illusion.
Tidbits's illusion is almost destroyed.
Your shield prevents you from hitting the ice beast.
The zombie hands constrict Mara!!!
The zombie hands release their grip on Mara.
You block the ice beast's attack. You block tidbits's illusion's attack.
The merfolk is engulfed in noxious fumes.
The merfolk appears confused.
Mara hits you but does no damage.
Mara drinks a potion.
Mara seems to grow stronger.
Tidbits's illusion hits you.
* * * LOW HITPOINT WARNING * * *
You block the ice beast's attack.
The ice beast hits you but does no damage.
The merfolk is engulfed in noxious fumes.
The merfolk appears confused.
Unknown command.
You can feel time thicken for a moment.
You kill the ice beast!
You destroy tidbits's illusion!
The ice beast disappears in a puff of smoke!
You kill the merfolk!
Cheibriados thoroughly appreciates the change of pace.
You feel somewhat more hungry.
Mara hits you from afar with a demon trident of venom!
* * * LOW HITPOINT WARNING * * *
Mara blinks!
Mara drinks a potion.
Mara seems to grow stronger.
You block Mara's attack.
Unknown command.
Okay, then.
Unknown command.
You can feel time thicken for a moment.
You kill the merfolk!
Cheibriados thoroughly appreciates the change of pace.
You are feeling very hungry.
Cheibriados lowers the support of your attributes as your movement quickens.
Mara gestures.
There is a horrible, sudden wrenching feeling in your soul!
The water elemental completely misses you.
Mara blinks!
Mara completely misses you. You block the water elemental's attack.
Unknown command.
You barely miss the water elemental.
The water elemental is severely damaged.
Mara hits you from afar with a demon trident of venom!!
* * * LOW HITPOINT WARNING * * *
You block the water elemental's attack.
Mara splashes around in the water.
A merfolk and a merfolk impaler come into view.
Okay, then.
Unknown command.
Unknown command.
Evoke which item? (* to show all) (? for menu, Esc to quit)
Aiming: Corrosive Bolt
Press: ? - help, Shift-Dir - straight line, f - Mara, p - Mara
Aim: Mara, wielding a demon trident of venom and wearing a robe (lightly wounded, unusually strong)
The bolt of acid hits the water elemental.
The water elemental is splashed with acid.
You destroy the water elemental!
Cheibriados appreciates the change of pace.
The bolt of acid hits Mara.
Mara is splashed with acid.
Mara is lightly wounded.
The merfolk impaler shouts!
Mara gestures at you.
You struggle to resist.
Mara blinks!
Mara gestures at you. The bolt of fire misses you.
The merfolk is engulfed in noxious fumes.
The merfolk appears confused.
Unknown command.
You feel agile all of a sudden. You block Mara's attack. Mara gestures at you.
Pain shoots through your body!
* * * LOW HITPOINT WARNING * * *
Unknown command.
You completely miss the merfolk impaler.
Mara blinks!
The merfolk impaler completely misses you.
Mara says, "I stand as high above you as a star above the ocean's bottom."
The merfolk impaler hits you but does no damage.
Mara blinks!
Mara splashes around in the water.
Unknown command.
You hit the merfolk impaler. Your bite misses the merfolk impaler.
The merfolk impaler is lightly wounded.
The merfolk impaler hits you with a trident!
You die...

..c≈≈≈≈...≈≈≈≈≈
..c≈≈≈≈≈....≈≈≈
∆m..≈≈≈≈!....≈≈≈
....≈..≈≈≈≈≈..)≈≈≈≈
..≈≈..≈≈c≈≈...m...≈
...≈≈≈≈≈.E@§§§...≈
#..≈≈....§)≈....≈
##.....###mR.# ≈
##......##8)R###..≈
#...≈≈..)((≈......≈
..≈.≈.)<)(≈)....≈≈≈
.≈≈....(.(..≈..(..≈
.≈≈...#####.[....≈≈
≈≈≈..# ........≈
≈≈≈.. .......≈≈
m≈.. .≈..≈≈≈≈≈≈ ≈≈≈
≈≈≈≈≈≈≈≈≈≈


You could see 2 Maras, a merfolk impaler, a merfolk (confused) and tidbits's
illusion.

Vanquished Creatures
  Saint Roka (Orc:2)
  Rupert (Orc:2)
  A titan (Shoals:1)
  A kraken (Shoals:1)
  Frances (D:14)
  A frost giant (Shoals:1)
  An orc warlord (Orc:2)
  The ghost of Agrougrou the Cleaver, a journeyman FoFi of Okawaru (D:11)
  Josephine (Orc:1)
  A merfolk impaler (Shoals:3)
  A minotaur (Lab)
  2 ettins
  Erolcha (Orc:2)
  4 vault guards (D:13)
  3 centaur warriors
  A merfolk aquamancer (Shoals:3)
  6 two-headed ogres
  A satyr (Shoals:3)
  3 death yaks (D:10)
  2 tengu warriors (D:15)
  4 orc high priests (Orc:2)
  A deep elf knight (D:15)
  A sea snake (Shoals:3)
  A wizard (D:15)
  4 orc knights
  2 harpies (Shoals:3)
  5 orc sorcerers
  An ugly thing (D:12)
  6 cyclopes
  6 fauns
  6 merfolk sirens
  A water nymph (Shoals:2)
  2 spiny frogs (Lair:2)
  A gargoyle (D:15)
  A rime drake (Lair:2)
  A komodo dragon (Lair:1)
  2 centaur skeletons (D:14)
  An efreet (D:12)
  3 trolls
  A tengu conjurer (D:15)
  7 merfolk
  2 wind drakes (Shoals:1)
  A hornet (D:11)
  3 slime creatures (D:12)
  4 hippogriffs
  3 water elementals
  2 shadows
  4 wraiths
  5 yaks
  A basilisk (Lair:2)
  3 hungry ghosts
  A fire bat (shapeshifter) (D:15)
  An acid dragon (D:12)
  6 wargs
  Duvessa (D:7)
  3 water moccasins
  A porcupine (Lair:1)
  37 orc warriors
  6 ice beasts
  5 sky beasts
  A black bear (D:13)
  16 ogres
  10 centaurs
  A crocodile (D:10)
  3 big kobolds
  7 bullfrogs
  2 wyvern skeletons
  6 scorpions
  2 water moccasin skeletons
  A killer bee (D:11)
  A howler monkey (D:6)
  3 wights (D:8)
  3 electric eels (D:11)
  4 jellies
  5 crimson imps
  2 bullfrog zombies
  A quasit (D:10)
  26 orc priests
  6 hounds
  16 orc wizards
  Crazy Yiuf (D:2)
  4 bullfrog skeletons
  Jessica (D:3)
  Natasha (thrice) (D:2)
  6 iguanas
  2 hell rats (Lair:1)
  11 worker ants
  A hound skeleton (D:9)
  2 worker ant zombies
  4 gnolls
  11 adders
  2 river rats (Lair:1)
  2 shadow imps (D:5)
  9 oozes
  A worm (D:2)
  5 leopard geckos
  83 orcs
  3 ball pythons
  3 bats
  3 bat zombies (D:2)
  A giant cockroach (D:5)
  10 goblins
  8 hobgoblins
  10 jackals
  7 kobolds
  2 quokkas
  3 frilled lizards (D:3)
  2 rats
  A rat zombie (D:2)
  2 plants
  A tentacle (Shoals:1)
500 creatures vanquished.

Vanquished Creatures (collateral kills)
  A two-headed ogre (D:15)
  4 death yaks (D:10)
  A deep elf archer (D:15)
  3 ugly things (D:11)
  A merfolk (Shoals:1)
  A snapping turtle (Shoals:1)
  A hippogriff (D:7)
  2 slime creatures (D:6)
  A water moccasin (D:11)
  An ice beast (D:10)
  An orc warrior (D:11)
  A black bear (D:8)
  An ogre (D:11)
  A phantom (D:11)
  3 big kobolds (D:6)
  4 bullfrogs
  A water moccasin zombie (D:7)
  A wyvern zombie (D:6)
  A wyvern skeleton (D:11)
  2 scorpions
  Dowan (D:7)
  4 killer bees (D:11)
  2 howler monkeys (D:11)
  A crimson imp (D:11)
  5 jellies
  4 orc priests
  A hound (D:6)
  A bullfrog skeleton (D:10)
  A worker ant (D:11)
  A worker ant zombie (D:11)
  An adder (D:11)
  3 oozes
  A leopard gecko (D:11)
  7 orcs
  3 jackals (D:8)
  A fungus (D:6)
69 creatures vanquished.

Vanquished Creatures (others)
  A harpy (Shoals:3)
  2 fungi (D:6)
  8 tentacles (Shoals:1)
  10 toadstools (D:6)
21 creatures vanquished.

Grand Total: 590 creatures vanquished

Notes
Turn   | Place    | Note
-------+----------+-------------------------------------------
     0 | D:1      | tidbits the Gnoll Ice Elementalist began the quest for the Orb.
     0 | D:1      | Reached XP level 1. HP: 13/13 MP: 6/6
    21 | D:2      | Noticed Natasha
    21 | D:2      | Noticed Robin
   277 | D:1      | Reached skill level 2 in Conjurations
   279 | D:1      | Reached XP level 2. HP: 10/19 MP: 2/7
   290 | D:1      | Learned a level 2 spell: Throw Frost
   374 | D:2      | Found a glowing golden altar of the Shining One.
   425 | D:2      | Reached skill level 5 in Spellcasting
   425 | D:2      | Reached XP level 3. HP: 14/25 MP: 4/9
   533 | D:2      | Killed Natasha
   533 | D:2      | Reached skill level 1 in Fighting
   533 | D:2      | Reached skill level 1 in Short Blades
   533 | D:2      | Reached skill level 1 in Long Blades
   533 | D:2      | Reached skill level 1 in Axes
   533 | D:2      | Reached skill level 1 in Maces & Flails
   533 | D:2      | Reached skill level 1 in Polearms
   533 | D:2      | Reached skill level 1 in Staves
   533 | D:2      | Reached skill level 1 in Slings
   533 | D:2      | Reached skill level 1 in Bows
   533 | D:2      | Reached skill level 1 in Crossbows
   533 | D:2      | Reached skill level 1 in Throwing
   533 | D:2      | Reached skill level 1 in Armour
   533 | D:2      | Reached skill level 1 in Shields
   533 | D:2      | Reached skill level 1 in Unarmed Combat
   533 | D:2      | Reached skill level 1 in Invocations
   533 | D:2      | Reached skill level 1 in Evocations
   533 | D:2      | Reached XP level 4. HP: 21/32 MP: 4/11
   592 | D:2      | Learned a level 3 spell: Ozocubu's Armour
   597 | D:2      | Learned a level 4 spell: Summon Ice Beast
   640 | D:2      | Found a runed door.
   644 | D:2      | Noticed Crazy Yiuf
   648 | D:2      | Killed Crazy Yiuf
   706 | D:2      | Reached skill level 1 in Hexes
   706 | D:2      | Reached skill level 1 in Charms
   706 | D:2      | Reached skill level 1 in Summonings
   706 | D:2      | Reached skill level 1 in Necromancy
   706 | D:2      | Reached skill level 1 in Translocations
   706 | D:2      | Reached skill level 1 in Transmutations
   706 | D:2      | Reached skill level 1 in Fire Magic
   706 | D:2      | Reached skill level 1 in Air Magic
   706 | D:2      | Reached skill level 1 in Earth Magic
   706 | D:2      | Reached skill level 1 in Poison Magic
   723 | D:2      | Found an ancient bone altar of Kikubaaqudgha.
   802 | D:2      | Banished Robin
   809 | D:2      | Reached XP level 5. HP: 30/37 MP: 1/12
   883 | D:2      | Noticed Natasha
   889 | D:2      | Killed Natasha
   899 | D:2      | Noticed Natasha
   905 | D:2      | Killed Natasha
   993 | D:3      | Reached skill level 2 in Invocations
   993 | D:3      | Reached XP level 6. HP: 39/44 MP: 3/13
  1173 | D:3      | Noticed Jessica
  1178 | D:3      | Killed Jessica
  1178 | D:3      | Reached skill level 5 in Dodging
  1233 | D:5      | Entered Level 5 of the Dungeon
  1237 | D:5      | Noticed an ice beast
  1253 | D:5      | Killed an ice beast
  1253 | D:5      | Reached skill level 2 in Fighting
  1253 | D:5      | Reached skill level 2 in Short Blades
  1253 | D:5      | Reached skill level 2 in Long Blades
  1253 | D:5      | Reached skill level 2 in Axes
  1253 | D:5      | Reached skill level 2 in Maces & Flails
  1253 | D:5      | Reached skill level 2 in Polearms
  1253 | D:5      | Reached skill level 2 in Staves
  1253 | D:5      | Reached skill level 2 in Slings
  1253 | D:5      | Reached skill level 2 in Bows
  1253 | D:5      | Reached skill level 2 in Crossbows
  1253 | D:5      | Reached skill level 2 in Throwing
  1253 | D:5      | Reached skill level 2 in Armour
  1253 | D:5      | Reached skill level 2 in Shields
  1253 | D:5      | Reached skill level 2 in Unarmed Combat
  1253 | D:5      | Reached skill level 2 in Evocations
  1346 | D:4      | Reached XP level 7. HP: 27/50 MP: 8/15
  1545 | D:5      | Reached skill level 3 in Conjurations
  1545 | D:5      | Reached skill level 2 in Hexes
  1545 | D:5      | Reached skill level 2 in Charms
  1545 | D:5      | Reached skill level 2 in Summonings
  1545 | D:5      | Reached skill level 2 in Necromancy
  1545 | D:5      | Reached skill level 2 in Translocations
  1545 | D:5      | Reached skill level 2 in Transmutations
  1545 | D:5      | Reached skill level 2 in Fire Magic
  1545 | D:5      | Reached skill level 2 in Air Magic
  1545 | D:5      | Reached skill level 2 in Earth Magic
  1545 | D:5      | Reached skill level 2 in Poison Magic
  1612 | D:5      | Found a transporter.
  1638 | D:5      | Found a transporter.
  1722 | D:5      | Reached skill level 5 in Stealth
  1893 | D:6      | Reached skill level 3 in Invocations
  1987 | D:6      | Reached skill level 6 in Ice Magic
  1987 | D:6      | Reached XP level 8. HP: 21/57 MP: 8/16
  2049 | D:6      | Found a staircase to the Ecumenical Temple.
  2063 | Temple   | Entered the Ecumenical Temple
  2117 | Temple   | Became a worshipper of Cheibriados the Contemplative
  2191 | D:7      | Reached skill level 3 in Fighting
  2191 | D:7      | Reached skill level 3 in Short Blades
  2191 | D:7      | Reached skill level 3 in Long Blades
  2191 | D:7      | Reached skill level 3 in Axes
  2191 | D:7      | Reached skill level 3 in Maces & Flails
  2191 | D:7      | Reached skill level 3 in Polearms
  2191 | D:7      | Reached skill level 3 in Staves
  2191 | D:7      | Reached skill level 3 in Slings
  2191 | D:7      | Reached skill level 3 in Bows
  2191 | D:7      | Reached skill level 3 in Crossbows
  2191 | D:7      | Reached skill level 3 in Throwing
  2191 | D:7      | Reached skill level 3 in Armour
  2191 | D:7      | Reached skill level 3 in Shields
  2191 | D:7      | Reached skill level 3 in Unarmed Combat
  2191 | D:7      | Reached skill level 3 in Evocations
  2198 | D:7      | Noticed a hippogriff
  2201 | D:7      | Reached skill level 6 in Spellcasting
  2209 | D:7      | Killed a hippogriff
  2416 | D:7      | Noticed Duvessa
  2416 | D:7      | Noticed Dowan
  2421 | D:7      | Reached skill level 3 in Hexes
  2421 | D:7      | Reached skill level 3 in Charms
  2421 | D:7      | Reached skill level 3 in Summonings
  2421 | D:7      | Reached skill level 3 in Necromancy
  2421 | D:7      | Reached skill level 3 in Translocations
  2421 | D:7      | Reached skill level 3 in Transmutations
  2421 | D:7      | Reached skill level 3 in Fire Magic
  2421 | D:7      | Reached skill level 3 in Air Magic
  2421 | D:7      | Reached skill level 3 in Earth Magic
  2421 | D:7      | Reached skill level 3 in Poison Magic
  2421 | D:7      | Reached skill level 4 in Invocations
  2426 | D:7      | Killed Dowan
  2429 | D:7      | Killed Duvessa
  2429 | D:7      | Reached skill level 6 in Dodging
  2429 | D:7      | Reached XP level 9. HP: 31/65 MP: 2/18
  2500 | D:8      | Reached skill level 4 in Fighting
  2500 | D:8      | Reached skill level 4 in Short Blades
  2500 | D:8      | Reached skill level 4 in Long Blades
  2500 | D:8      | Reached skill level 4 in Axes
  2500 | D:8      | Reached skill level 4 in Maces & Flails
  2500 | D:8      | Reached skill level 4 in Polearms
  2500 | D:8      | Reached skill level 4 in Staves
  2500 | D:8      | Reached skill level 4 in Slings
  2500 | D:8      | Reached skill level 4 in Bows
  2500 | D:8      | Reached skill level 4 in Crossbows
  2500 | D:8      | Reached skill level 4 in Throwing
  2500 | D:8      | Reached skill level 4 in Armour
  2500 | D:8      | Reached skill level 4 in Shields
  2500 | D:8      | Reached skill level 4 in Unarmed Combat
  2500 | D:8      | Reached skill level 4 in Conjurations
  2500 | D:8      | Reached skill level 4 in Evocations
  2582 | D:8      | Reached * piety under Cheibriados
  2761 | D:8      | Noticed a two-headed ogre
  2775 | D:8      | Killed a two-headed ogre
  2775 | D:8      | Reached skill level 6 in Stealth
  2818 | D:8      | Noticed a two-headed ogre
  2819 | D:8      | Found an ornate altar of the Wu Jian Council.
  2823 | D:8      | Killed a two-headed ogre
  2823 | D:8      | Reached skill level 7 in Spellcasting
  2823 | D:8      | Reached skill level 4 in Hexes
  2823 | D:8      | Reached skill level 4 in Charms
  2823 | D:8      | Reached skill level 4 in Summonings
  2823 | D:8      | Reached skill level 4 in Necromancy
  2823 | D:8      | Reached skill level 4 in Translocations
  2823 | D:8      | Reached skill level 4 in Transmutations
  2823 | D:8      | Reached skill level 4 in Fire Magic
  2823 | D:8      | Reached skill level 4 in Air Magic
  2823 | D:8      | Reached skill level 4 in Earth Magic
  2823 | D:8      | Reached skill level 4 in Poison Magic
  2823 | D:8      | Reached skill level 5 in Invocations
  2823 | D:8      | Reached XP level 10. HP: 25/73 MP: 3/20
  2872 | D:10     | Entered Level 10 of the Dungeon
  2907 | D:8      | Reached ** piety under Cheibriados
  3085 | D:7      | Found Kyank's Antique Weapon Shop.
  3186 | D:6      | Reached skill level 5 in Fighting
  3186 | D:6      | Reached skill level 5 in Short Blades
  3186 | D:6      | Reached skill level 5 in Long Blades
  3186 | D:6      | Reached skill level 5 in Axes
  3186 | D:6      | Reached skill level 5 in Maces & Flails
  3186 | D:6      | Reached skill level 5 in Polearms
  3186 | D:6      | Reached skill level 5 in Staves
  3186 | D:6      | Reached skill level 5 in Slings
  3186 | D:6      | Reached skill level 5 in Bows
  3186 | D:6      | Reached skill level 5 in Crossbows
  3186 | D:6      | Reached skill level 5 in Throwing
  3186 | D:6      | Reached skill level 5 in Armour
  3186 | D:6      | Reached skill level 5 in Shields
  3186 | D:6      | Reached skill level 5 in Unarmed Combat
  3186 | D:6      | Reached skill level 5 in Evocations
  3263 | D:6      | HP: 3/74 [slime creature (9)]
  3266 | D:6      | Reached skill level 7 in Ice Magic
  3414 | D:6      | Reached skill level 7 in Dodging
  3430 | D:6      | Reached *** piety under Cheibriados
  3508 | D:6      | Identified a scroll of acquirement
  3814 | D:9      | Reached skill level 5 in Conjurations
  4026 | D:11     | Reached **** piety under Cheibriados
  4038 | D:11     | Reached skill level 6 in Invocations
  4116 | D:10     | Found a portal to a secret trove of treasure.
  4207 | D:10     | Noticed a death yak
  4241 | D:11     | Reached skill level 7 in Stealth
  4374 | D:11     | Reached XP level 11. HP: 81/81 MP: 10/22
  4386 | D:11     | Noticed a two-headed ogre
  4393 | D:11     | Killed a two-headed ogre
  4415 | D:11     | Reached ***** piety under Cheibriados
  4431 | D:11     | Noticed a white ugly thing
  4438 | D:11     | HP: 5/81 [white ugly thing (15)]
  4439 | D:11     | Noticed a purple ugly thing
  4439 | D:11     | Killed a white ugly thing
  4439 | D:11     | Reached skill level 6 in Fighting
  4439 | D:11     | Reached skill level 6 in Short Blades
  4439 | D:11     | Reached skill level 6 in Long Blades
  4439 | D:11     | Reached skill level 6 in Axes
  4439 | D:11     | Reached skill level 6 in Maces & Flails
  4439 | D:11     | Reached skill level 6 in Polearms
  4439 | D:11     | Reached skill level 6 in Staves
  4439 | D:11     | Reached skill level 6 in Slings
  4439 | D:11     | Reached skill level 6 in Bows
  4439 | D:11     | Reached skill level 6 in Crossbows
  4439 | D:11     | Reached skill level 6 in Throwing
  4439 | D:11     | Reached skill level 6 in Armour
  4439 | D:11     | Reached skill level 6 in Shields
  4439 | D:11     | Reached skill level 6 in Unarmed Combat
  4439 | D:11     | Reached skill level 6 in Evocations
  4445 | D:11     | Killed a purple ugly thing
  4445 | D:11     | Reached skill level 5 in Hexes
  4445 | D:11     | Reached skill level 5 in Charms
  4445 | D:11     | Reached skill level 5 in Summonings
  4445 | D:11     | Reached skill level 5 in Necromancy
  4445 | D:11     | Reached skill level 5 in Translocations
  4445 | D:11     | Reached skill level 5 in Transmutations
  4445 | D:11     | Reached skill level 5 in Fire Magic
  4445 | D:11     | Reached skill level 5 in Air Magic
  4445 | D:11     | Reached skill level 5 in Earth Magic
  4445 | D:11     | Reached skill level 5 in Poison Magic
  4468 | D:11     | Found Moameo's Book Shoppe.
  4480 | D:11     | Bought a book of Changes for 275 gold pieces
  4480 | D:11     | Bought a book of Unlife for 715 gold pieces
  4480 | D:11     | Bought a book of Cantrips for 220 gold pieces
  4486 | D:11     | Noticed a cyclops
  4486 | D:11     | Learned a level 5 spell: Borgnjor's Vile Clutch
  4493 | D:11     | Killed a cyclops
  4493 | D:11     | Reached skill level 8 in Spellcasting
  4503 | D:11     | Noticed Agrougrou's ghost (journeyman FoFi)
  4512 | D:11     | Learned a level 5 spell: Blade Hands
  4520 | D:11     | Killed Agrougrou's ghost
  4536 | D:11     | Noticed a purple ugly thing
  4543 | D:11     | Killed a purple ugly thing
  4567 | D:11     | Learned a level 1 spell: Apportation
  4688 | D:11     | Bought a book of the Earth for 715 gold pieces
  4782 | D:12     | Reached skill level 7 in Invocations
  4846 | D:13     | Noticed a manticore
  4871 | D:12     | Reached skill level 8 in Dodging
  4917 | D:13     | Noticed a cyclops
  4924 | D:13     | Killed a cyclops
  4968 | D:14     | Noticed a centaur warrior
  4972 | D:14     | Killed a centaur warrior
  5027 | D:14     | Noticed Frances
  5033 | D:14     | Killed Frances
  5033 | D:14     | Reached skill level 8 in Stealth
  5033 | D:14     | Reached skill level 6 in Conjurations
  5033 | D:14     | Reached XP level 12. HP: 80/89 MP: 15/24
  5124 | D:14     | Reached skill level 8 in Ice Magic
  5225 | D:15     | Entered Level 15 of the Dungeon
  5229 | D:15     | Noticed a centaur warrior
  5247 | D:15     | Noticed a deep elf knight
  5251 | D:15     | Noticed a tengu warrior
  5252 | D:15     | Killed a deep elf knight
  5253 | D:15     | Noticed an ettin
  5258 | D:15     | Killed an ettin
  5258 | D:15     | Reached skill level 7 in Fighting
  5258 | D:15     | Reached skill level 7 in Short Blades
  5258 | D:15     | Reached skill level 7 in Long Blades
  5258 | D:15     | Reached skill level 7 in Axes
  5258 | D:15     | Reached skill level 7 in Maces & Flails
  5258 | D:15     | Reached skill level 7 in Polearms
  5258 | D:15     | Reached skill level 7 in Staves
  5258 | D:15     | Reached skill level 7 in Slings
  5258 | D:15     | Reached skill level 7 in Bows
  5258 | D:15     | Reached skill level 7 in Crossbows
  5258 | D:15     | Reached skill level 7 in Throwing
  5258 | D:15     | Reached skill level 7 in Armour
  5258 | D:15     | Reached skill level 7 in Shields
  5258 | D:15     | Reached skill level 7 in Unarmed Combat
  5258 | D:15     | Reached skill level 7 in Evocations
  5258 | D:15     | HP: 2/91 [tengu warrior/bardiche (16)]
  5261 | D:15     | Killed a tengu warrior
  5266 | D:15     | Noticed a two-headed ogre
  5274 | D:15     | Killed a two-headed ogre
  5279 | D:15     | HP: 12/136 [centaur warrior/arrow (3)]
  5280 | D:15     | HP: 4/136 [centaur warrior/arrow (8)]
  5286 | D:15     | Killed a centaur warrior
  5286 | D:15     | Reached skill level 6 in Hexes
  5286 | D:15     | Reached skill level 6 in Charms
  5286 | D:15     | Reached skill level 6 in Summonings
  5286 | D:15     | Reached skill level 6 in Necromancy
  5286 | D:15     | Reached skill level 6 in Translocations
  5286 | D:15     | Reached skill level 6 in Transmutations
  5286 | D:15     | Reached skill level 6 in Fire Magic
  5286 | D:15     | Reached skill level 6 in Air Magic
  5286 | D:15     | Reached skill level 6 in Earth Magic
  5286 | D:15     | Reached skill level 6 in Poison Magic
  5297 | D:15     | Reached skill level 8 in Invocations
  5343 | D:15     | Found a staircase to the Depths.
  5362 | D:15     | Learned a level 6 spell: Statue Form
  5365 | D:15     | Noticed a tengu warrior
  5370 | D:15     | Reached skill level 9 in Spellcasting
  5373 | D:15     | Killed a tengu warrior
  5376 | D:15     | Noticed a centaur warrior
  5381 | D:15     | Killed a centaur warrior
  5499 | D:15     | Noticed a two-headed ogre
  5506 | D:15     | Reached skill level 9 in Dodging
  5509 | D:15     | Killed a two-headed ogre
  5509 | D:15     | Reached XP level 13. HP: 98/98 MP: 12/26
  5596 | D:13     | Found a gate to the Vaults.
  5596 | D:13     | Noticed a vault guard
  5596 | D:13     | Noticed a vault guard
  5596 | D:13     | Noticed a vault guard
  5596 | D:13     | Noticed a vault guard
  5601 | D:13     | Reached ****** piety under Cheibriados
  5603 | D:13     | Killed a vault guard
  5603 | D:13     | Reached skill level 9 in Stealth
  5604 | D:13     | Killed a vault guard
  5605 | D:13     | Reached skill level 7 in Conjurations
  5605 | D:13     | Killed a vault guard
  5606 | D:13     | Killed a vault guard
  5606 | D:13     | Reached skill level 8 in Fighting
  5606 | D:13     | Reached skill level 8 in Short Blades
  5606 | D:13     | Reached skill level 8 in Long Blades
  5606 | D:13     | Reached skill level 8 in Axes
  5606 | D:13     | Reached skill level 8 in Maces & Flails
  5606 | D:13     | Reached skill level 8 in Polearms
  5606 | D:13     | Reached skill level 8 in Staves
  5606 | D:13     | Reached skill level 8 in Slings
  5606 | D:13     | Reached skill level 8 in Bows
  5606 | D:13     | Reached skill level 8 in Crossbows
  5606 | D:13     | Reached skill level 8 in Throwing
  5606 | D:13     | Reached skill level 8 in Armour
  5606 | D:13     | Reached skill level 8 in Shields
  5606 | D:13     | Reached skill level 8 in Unarmed Combat
  5606 | D:13     | Reached skill level 8 in Evocations
  5787 | D:11     | Found a staircase to the Orcish Mines.
  5796 | Orc:1    | Entered Level 1 of the Orcish Mines
  5863 | Orc:2    | Entered Level 2 of the Orcish Mines
  5914 | Orc:2    | Noticed Erolcha
  5921 | Orc:2    | Killed Erolcha
  5930 | Orc:2    | Learned a level 4 spell: Animate Dead
  5936 | Orc:2    | Reached skill level 9 in Invocations
  5959 | Orc:1    | Noticed Josephine
  5966 | Orc:1    | Killed Josephine
  6050 | Orc:2    | Noticed Saint Roka
  6060 | Orc:2    | Killed Saint Roka
  6060 | Orc:2    | Reached skill level 7 in Hexes
  6060 | Orc:2    | Reached skill level 7 in Charms
  6060 | Orc:2    | Reached skill level 7 in Summonings
  6060 | Orc:2    | Reached skill level 7 in Necromancy
  6060 | Orc:2    | Reached skill level 7 in Translocations
  6060 | Orc:2    | Reached skill level 7 in Transmutations
  6060 | Orc:2    | Reached skill level 7 in Fire Magic
  6060 | Orc:2    | Reached skill level 9 in Ice Magic
  6060 | Orc:2    | Reached skill level 7 in Air Magic
  6060 | Orc:2    | Reached skill level 7 in Earth Magic
  6060 | Orc:2    | Reached skill level 7 in Poison Magic
  6113 | Orc:2    | Found a roughly hewn altar of Beogh.
  6145 | Orc:2    | Reached skill level 10 in Spellcasting
  6192 | Orc:2    | Found Edissomo's Magic Scroll Emporium.
  6197 | Orc:2    | Reached XP level 14. HP: 106/106 MP: 17/28
  6204 | Orc:2    | Learned a level 2 spell: Sticks to Snakes
  6204 | Orc:2    | Bought a scroll of acquirement for 572 gold pieces
  6208 | Orc:2    | Bought a scroll of holy word for 82 gold pieces
  6208 | Orc:2    | Bought a scroll of fog for 22 gold pieces
  6208 | Orc:2    | Bought a scroll of holy word for 82 gold pieces
  6208 | Orc:2    | Bought 3 scrolls of identify for 66 gold pieces
  6208 | Orc:2    | Bought a scroll of identify for 22 gold pieces
  6208 | Orc:2    | Bought a scroll of amnesia for 38 gold pieces
  6214 | Orc:2    | Found Fihaim's Book Shoppe.
  6226 | Orc:2    | Bought a book of Necromancy for 420 gold pieces
  6231 | Orc:2    | Learned a level 3 spell: Regeneration
  6495 | Orc:2    | Reached skill level 10 in Dodging
  6528 | Orc:2    | Noticed Rupert
  6538 | Orc:2    | Paralysed by Rupert for 7 turns
  6546 | Orc:2    | Killed Rupert
  6569 | Orc:2    | Reached skill level 9 in Fighting
  6569 | Orc:2    | Reached skill level 9 in Short Blades
  6569 | Orc:2    | Reached skill level 9 in Long Blades
  6569 | Orc:2    | Reached skill level 9 in Axes
  6569 | Orc:2    | Reached skill level 9 in Maces & Flails
  6569 | Orc:2    | Reached skill level 9 in Polearms
  6569 | Orc:2    | Reached skill level 9 in Staves
  6569 | Orc:2    | Reached skill level 9 in Slings
  6569 | Orc:2    | Reached skill level 9 in Bows
  6569 | Orc:2    | Reached skill level 9 in Crossbows
  6569 | Orc:2    | Reached skill level 9 in Throwing
  6569 | Orc:2    | Reached skill level 9 in Armour
  6569 | Orc:2    | Reached skill level 9 in Shields
  6569 | Orc:2    | Reached skill level 9 in Unarmed Combat
  6569 | Orc:2    | Reached skill level 9 in Evocations
  6581 | Orc:2    | Noticed an orc warlord
  6590 | Orc:2    | Killed an orc warlord
  6611 | Orc:2    | Found Lisse's Food Emporium.
  6619 | Orc:2    | Reached skill level 10 in Stealth
  6644 | Orc:2    | Found a roughly hewn altar of Beogh.
  6689 | Orc:2    | Found Idutuh's Gadget Shop.
  6737 | Orc:2    | Reached skill level 8 in Conjurations
  6739 | Orc:2    | Reached skill level 10 in Invocations
  6816 | Orc:2    | Bought a book of Callings for 420 gold pieces
  6821 | Orc:2    | Learned a level 4 spell: Summon Lightning Spire
  6975 | D:10     | Found a staircase to the Lair.
  6985 | Lair:1   | Entered Level 1 of the Lair of Beasts
  7093 | Lair:1   | Found a labyrinth entrance.
  7119 | Lab      | Entered a labyrinth
  7202 | Lab      | Found the +10 large shield of Ignorance {rN+ Int-4}
  7267 | Lair:2   | Found a staircase to the Shoals.
  7292 | Shoals:1 | Entered Level 1 of the Shoals
  7293 | Shoals:1 | Noticed a kraken
  7307 | Shoals:1 | Killed a kraken
  7307 | Shoals:1 | Reached skill level 8 in Hexes
  7307 | Shoals:1 | Reached skill level 8 in Charms
  7307 | Shoals:1 | Reached skill level 8 in Summonings
  7307 | Shoals:1 | Reached skill level 8 in Necromancy
  7307 | Shoals:1 | Reached skill level 8 in Translocations
  7307 | Shoals:1 | Reached skill level 8 in Transmutations
  7307 | Shoals:1 | Reached skill level 8 in Fire Magic
  7307 | Shoals:1 | Reached skill level 8 in Air Magic
  7307 | Shoals:1 | Reached skill level 8 in Earth Magic
  7307 | Shoals:1 | Reached skill level 8 in Poison Magic
  7307 | Shoals:1 | Reached XP level 15. HP: 31/114 MP: 9/29
  7343 | Shoals:1 | Noticed a frost giant
  7344 | Shoals:1 | Noticed a titan
  7353 | Shoals:1 | Killed a frost giant
  7371 | Shoals:1 | Killed a titan
  7380 | Shoals:1 | Identified the cursed +1 broad axe of Disk {flame, rF+++ Str-3 Dex+4} (You found it on level 1 of the Shoals)
  7548 | Shoals:3 | Noticed Mara
  7558 | Shoals:3 | Reached skill level 11 in Spellcasting
  7564 | Shoals:3 | Noticed tidbits's illusion
  7578 | Shoals:3 | Reached skill level 10 in Ice Magic
  7583 | Shoals:3 | HP: 8/149 [Mara (illusionary)/demon trident of venom (18)]
  7585 | Shoals:3 | Noticed tidbits's illusion
  7587 | Shoals:3 | Slain by a merfolk impaler

Skill      XL: |  1  2  3  4  5  6  7  8  9 10 11 12 13 14 15 |
---------------+----------------------------------------------+-----
Conjurations   | 2 3 4 5 6 7 8 |  8.6
Spellcasting   | 5 6 7 8 9 10 11 | 11.0
Fighting       | 1 2 3 4 5 6 7 8 9 |  9.9
Short Blades   | 1 2 3 4 5 6 7 8 9 |  9.9
Long Blades    | 1 2 3 4 5 6 7 8 9 |  9.9
Axes           | 1 2 3 4 5 6 7 8 9 |  9.9
Maces & Flails | 1 2 3 4 5 6 7 8 9 |  9.9
Polearms       | 1 2 3 4 5 6 7 8 9 |  9.9
Staves         | 1 2 3 4 5 6 7 8 9 |  9.9
Slings         | 1 2 3 4 5 6 7 8 9 |  9.9
Bows           | 1 2 3 4 5 6 7 8 9 |  9.9
Crossbows      | 1 2 3 4 5 6 7 8 9 |  9.9
Throwing       | 1 2 3 4 5 6 7 8 9 |  9.9
Armour         | 1 2 3 4 5 6 7 8 9 |  9.9
Shields        | 1 2 3 4 5 6 7 8 9 |  9.9
Unarmed Combat | 1 2 3 4 5 6 7 8 9 |  9.9
Invocations    | 1 2 3 4 5 6 7 8 9 10 | 10.7
Evocations     | 1 2 3 4 5 6 7 8 9 |  9.9
Hexes          | 1 2 3 4 5 6 7 8 |  8.3
Charms         | 1 2 3 4 5 6 7 8 |  8.3
Summonings     | 1 2 3 4 5 6 7 8 |  8.3
Necromancy     | 1 2 3 4 5 6 7 8 |  8.3
Translocations | 1 2 3 4 5 6 7 8 |  8.3
Transmutations | 1 2 3 4 5 6 7 8 |  8.3
Fire Magic     | 1 2 3 4 5 6 7 8 |  8.3
Air Magic      | 1 2 3 4 5 6 7 8 |  8.3
Earth Magic    | 1 2 3 4 5 6 7 8 |  8.3
Poison Magic   | 1 2 3 4 5 6 7 8 |  8.3
Dodging        | 5 6 7 8 9 10 | 10.8
Stealth        | 5 6 7 8 9 10 | 10.7
Ice Magic      | 6 7 8 9 10 | 10.0

Action                   |  1- 3 |  4- 6 |  7- 9 | 10-12 | 13-15 || total
-------------------------+-------+-------+-------+-------+-------++-------
Melee: Short sword       |     7 |       |       |       |       ||     7
       Quarterstaff      |       |    26 |       |       |       ||    26
       Bite              |       |     4 |    28 |    56 |    73 ||   161
       Dagger            |       |     7 |     4 |    18 |     1 ||    30
       Long sword        |       |       |    20 |       |       ||    20
       Great sword       |       |       |    85 |   161 |       ||   246
       Punch             |       |       |       |     2 |       ||     2
       Unarmed           |       |       |       |    41 |     9 ||    50
       Scimitar          |       |       |       |    13 |       ||    13
       War axe           |       |       |       |    11 |   148 ||   159
       Broad axe         |       |       |       |       |   139 ||   139
 Fire: Hunting sling     |       |    33 |       |       |       ||    33
Throw: Tomahawk          |       |       |     9 |    21 |    20 ||    50
 Cast: Freeze            |    18 |    49 |    65 |    21 |       ||   153
       Throw Frost       |     2 |       |     1 |       |       ||     3
       Ozocubu's Armour  |       |     4 |    17 |    38 |     2 ||    61
       Summon Ice Beast  |       |     1 |    11 |    36 |       ||    48
       Apportation       |       |       |       |    18 |    64 ||    82
       Borgnjor's Vile C |       |       |       |     9 |    61 ||    70
       Blade Hands       |       |       |       |     5 |       ||     5
       Statue Form       |       |       |       |     3 |    34 ||    37
       Animate Dead      |       |       |       |       |     2 ||     2
       Summon Lightning  |       |       |       |       |     1 ||     1
       Regeneration      |       |       |       |       |     2 ||     2
Invok: Slouch            |       |       |       |     1 |     8 ||     9
       Bend Time         |       |       |       |     1 |       ||     1
 Abil: End Transformatio |       |       |       |     1 |     1 ||     2
Evoke: Wand              |       |       |    10 |    16 |    14 ||    40
  Use: Scroll            |     1 |       |     8 |    10 |    23 ||    42
       Potion            |       |       |     2 |     9 |     2 ||    13
 Stab: Sleeping          |       |     5 |     3 |    16 |    13 ||    37
       Distracted        |       |       |       |     5 |       ||     5
  Eat: Chunk             |       |     2 |     7 |    10 |    10 ||    29
       Ration            |       |       |       |       |     4 ||     4
Armor: Robe              |     2 |    33 |    75 |    72 |       ||   182
       Leather armour    |       |       |       |    41 |     1 ||    42
       Skin              |       |       |       |    14 |   146 ||   160
       Troll leather arm |       |       |       |       |     7 ||     7
Dodge: Dodged            |    37 |    75 |   190 |   333 |   588 ||  1223
Block: Buckler           |       |       |       |    33 |   228 ||   261
       Shield            |       |       |       |       |    81 ||    81
       Rpst.: Long sword |       |       |     8 |     1 |       ||     9
       Great sword       |       |       |    55 |    71 |       ||   126
       Scimitar          |       |       |       |     6 |       ||     6

Table legend:
 A = Turns spent in this place as a percentage of turns spent in the entire game.
 B = Non-inter-level travel turns spent in this place as a percentage of non-inter-level travel turns spent in the entire game.
 C = Inter-level travel turns spent in this place as a percentage of turns spent in this place.
 D = Turns resting spent in this place as a percentage of non-inter-level travel turns spent in this place.
 E = Turns spent auto-exploring this place as a percentage of non-inter-level travel turns spent in this place.
 F = Non-inter-level travel turns spent in this place divided by the number of levels of this place that you've seen.
                   A       B       C       D       E      F
               +-------+-------+-------+-------+-------+----------------------
         Total | 100.0 | 100.0 |   4.3 |   0.1 |   0.0 | 302.5
       Dungeon |  76.8 |  77.4 |   3.5 |   0.1 |   0.0 | 374.8
        Temple |   1.0 |   0.8 |  25.3 |   0.0 |   0.0 |  56.0
          Lair |   2.8 |   3.0 |   0.0 |   0.0 |   0.0 | 107.5
        Shoals |   3.9 |   4.1 |   0.0 |   0.0 |   0.0 |  98.3
  Orcish Mines |  14.3 |  13.5 |   9.4 |   0.0 |   0.0 | 490.0
     Labyrinth |   1.2 |   1.3 |   0.0 |   0.0 |   0.0 |  92.0
               +-------+-------+-------+-------+-------+----------------------

Table legend:
 A = Kills in this place as a percentage of kills in entire the game.
 B = Kills by you in this place as a percentage of kills by you in the entire game.
 C = Kills by friends in this place as a percentage of kills by friends in the entire game.
 D = Other kills in this place as a percentage of other kills in the entire game.
 E = Experience gained in this place as a percentage of experience gained in the entire game.
 F = Experience gained in this place divided by the number of levels of this place that you have seen.
                   A       B       C       D       E      F
               +-------+-------+-------+-------+-------+----------------------
         Total | 100.0 | 100.0 | 100.0 | 100.0 | 100.0 | 4358.0
       Dungeon |  59.6 |  54.5 |  97.1 |  50.0 |  43.2 | 3011.3
          Lair |   3.9 |   4.4 |   0.0 |   0.0 |   4.7 | 2476.5
        Shoals |   6.2 |   6.4 |   2.9 |  50.0 |  20.2 | 7049.7
  Orcish Mines |  30.2 |  34.4 |   0.0 |   0.0 |  30.8 | 16115.5
     Labyrinth |   0.2 |   0.2 |   0.0 |   0.0 |   1.0 | 1091.0
               +-------+-------+-------+-------+-------+----------------------

Vault maps used:
D:1:      nicolae_arrival_memento_mori
D:2:      lemuel_zombie_altar_kikubaaqudgha, tso_metal_star, minivault_27,
          tgw_kikubaaqudgha, uniq_crazy_yiuf_cottage, uniq_natasha, uniq_robin
D:3:      serial_curves, eino_curves_04, eino_curves_04, first_ration,
          uniq_jessica
D:5:      gammafunk_wand_slinger
D:6:      cheibrodos_fertilizer, minmay_temple_entry_poolview
D:7:      gammafunk_corrupted_shrine, grunt_temple_overflow_open, serial_shops,
          shop, uniq_duvessa
D:8:      overflow_temple_1_default, serial_shops, shop,
          hangedman_little_slice_of_home
D:9:      kennysheep_generic_room_16
D:10:     dpeg_lair_monsters, nicolae_trove_entry_columns, minmay_lizard_king,
          uniq_joseph
D:11:     hangedman_cross_stitches, orc_0_dummy, serial_shops, shop,
          basic_altar, kennysheep_potato
D:13:     lightli_vaults_fourway_checkpoint, uniq_sonja
D:14:     serial_bayou_lagoon_a, uniq_frances
D:15:     hangedman_depths_entry_civil_slaughter, minivault_25
Temple:   nicolae_temple_elliptical
Lair:1:   lab_entry_generic, kennysheep_abandoned_house, serial_bayou_shore_b,
          serial_bayou_shore_b
Lair:2:   elwin_shoals_entry_stream, st_stairs_3
Shoals:1: cheibrodos_shoals_gigantism, nicolae_shoals_this_corrosion
Shoals:2: portal_ice_cave_entry_pillars_1
Shoals:3: serial_shops, nicolae_shop_stone, nicolae_shop_crystal, shop,
          st_sunken_huts, uniq_ilsuiw, uniq_louise, uniq_mara
Orc:1:    trog_book, uniq_josephine
Orc:2:    pubby_orc_utopia, uniq_rupert, uniq_erolcha, uniq_saint_roka
Lab:      labyrinth_mini_lab
